 Dungeon Crawl Stone Soup version 0.26.1-11-gd32895ea62 (webtiles) character file.

Game seed: 15514243381963666623

112 Bliebski the Insei (level 4, -2/29 HPs)
             Began as an Octopode Transmuter on May 5, 2021.
             Slain by a hobgoblin
             ... wielding a +0 club
              (5 damage)
             ... on level 2 of the Dungeon.
             The game lasted 00:02:57 (2064 turns).

Bliebski the Insei (Octopode Transmuter)            Turns: 2064, Time: 00:02:57

Health: -2/29      AC:  1    Str:  8 (9)  XL:     4   Next: 95%
Magic:  7/8        EV: 13    Int: 12 (15) God:
Gold:   153        SH:  0    Dex: 11 (13) Spells: 7/8 levels left

rFire    . . .     SeeInvis .     - Unarmed
rCold    . . .     Faith    .   (no shield)
rNeg     . . .     Spirit   .   (helmet currently unavailable)
rPois    .         Reflect  .   (no amulet)
rElec    .         Harm     .   (no ring)
rCorr    .         Rampage  .   (no ring)
Will     .....                  (no ring)
Stlth    ++........             (no ring)
HPRegen  0.09/turn              (no ring)
MPRegen  0.11/turn              (no ring)
                                (no ring)
                                (no ring)

@: lethally poisoned (-2 -> -7), appendages (expiring)
A: almost no armour, stealthy swim, amphibious, 8 rings, constrict 8, tentacle
spike 3, camouflage 1, gelatinous body 1
a: End Transformation


You were on level 2 of the Dungeon.
One of your tentacles had a temporary spike.
You visited 1 branch of the dungeon, and saw 2 of its levels.

You collected 153 gold pieces.

Inventory:

Missiles
 a - 204 stones
Scrolls
 f - 2 scrolls of identify {unknown}
 g - 3 scrolls of teleportation {unknown}
 i - a scroll of enchant weapon {unknown}
 j - a scroll of random uselessness {unknown}
 k - a scroll of remove curse {unknown}
 m - a scroll of enchant armour {unknown}
 n - a scroll of fog {unknown}
Potions
 b - a potion of curing {unknown}
 c - a potion of mutation {unknown}
 d - a potion of cancellation {unknown}
 e - a potion of flight {unknown}
 h - a potion of lignification {unknown}
 l - a potion of degeneration


   Skills:
 + Level 2.1 Fighting
 + Level 2.7 Dodging
 + Level 3.6 Unarmed Combat
 + Level 2.6 Spellcasting
 + Level 2.8 Transmutations


You had 7 spell levels left.
You knew the following spells:

 Your Spells              Type           Power        Failure   Level
a - Beastly Appendage     Tmut           16%          8%          1

Your spell library contained the following spells:

 Spells                   Type           Power        Failure   Level
 Wereblood                Tmut           8%           12%         2
 Spider Form              Tmut/Pois      2%           38%         3
 Ice Form                 Ice/Tmut       5%           80%         4
 Blade Hands              Tmut           4%           91%         5


Dungeon Overview and Level Annotations

Branches:
Dungeon (2/15)

Altars:


Innate Abilities, Weirdness & Mutations

You cannot wear most types of armour.
You are very stealthy in the water. (Stealth+)
You are amphibious.
You can wear up to eight rings at the same time.
You can use your tentacles to constrict eight enemies at once.
Your skin changes colour to match your surroundings (Stealth+).
Your rubbery body absorbs attacks. (AC +1, EV +1)
One of your tentacles bears a large vicious spike.


Message History

Your tentacle spike misses the adder.
Your squeeze misses the adder.
The adder is severely wounded.
You feel sick. The hobgoblin hits you with a +0 club. The adder bites you.
* * * LOW HITPOINT WARNING * * *
The hobgoblin hits you but does no damage.
You closely miss the adder. Your grab misses the adder.
Your tentacle spike misses the adder.
Your squeeze misses the adder.
The adder is severely wounded.
The hobgoblin closely misses you. The adder barely misses you.
You tentacle-slap the adder.
You kill the adder!
* * * LOW HITPOINT WARNING * * *
You feel sick. The hobgoblin barely misses you.
The hobgoblin hits you with a +0 club.
* * * LOW HITPOINT WARNING * * *
It was a potion of degeneration.
There was something very wrong with that liquid.
You feel weakened.
You feel dopey.
You feel clumsy. The hobgoblin hits you with a +0 club.
You die...

#.....#..........#
#####.##.#########
#.##.# # #.##.##
.. #.....####...
#....<.......
#..........(.
#...........(
#....@.......
#...gg.......
#.........?..
#............
#..........##
#.....?....#
#..........#
############


You could see 2 hobgoblins.

Vanquished Creatures
  4 adders (D:2)
  2 oozes
  2 worms (D:2)
  2 dart slugs (D:1)
  2 leopard geckos
  A ball python (D:1)
  2 giant cockroaches
  5 hobgoblins
  8 bats
  3 frilled lizards
  7 goblins
  13 kobolds
  9 rats
60 creatures vanquished.

Notes
Turn   | Place    | Note
-------+----------+-------------------------------------------
     0 | D:1      | Bliebski the Octopode Transmuter began the quest for the
                  | Orb.
     0 | D:1      | Reached XP level 1. HP: 13/13 MP: 3/3
   132 | D:1      | Reached XP level 2. HP: 18/18 MP: 3/5
   485 | D:1      | Reached XP level 3. HP: 23/23 MP: 4/6
  1268 | D:2      | Reached XP level 4. HP: 29/29 MP: 5/7
  2064 | D:2      | Slain by a hobgoblin

Illustrated notes

Levels and vault maps discovered:
D:1:      tarquinn_simple_flora_water_f, layout_loops_ring,
          hangedman_decor_points
D:2:      layout_basic, kennysheep_generic_room_5

Skill      XL: |  1  2  3  4 |
---------------+-------------+-----
Fighting       | 2 |  2.1
Dodging        | |  2.7
Unarmed Combat | |  3.6
Spellcasting   | |  2.6
Transmutations | |  2.8

Action                   |  1- 3 |  4- 6 || total
-------------------------+-------+-------++-------
Melee: Unarmed           |    73 |    58 ||   131
       Kick              |    19 |    10 ||    29
       Constrict         |    15 |    15 ||    30
       Tentacles         |     9 |     9 ||    18
       Punch             |       |     3 ||     3
 Cast: Beastly Appendage |    24 |     8 ||    32
  Use: Potion            |       |     1 ||     1
 Stab: Sleeping          |    11 |     1 ||    12
Armor: Skin              |     7 |     6 ||    13
Dodge: Dodged            |    46 |    34 ||    80
